AoeStats
← Tomate

Arena

508753688Analyzed
2v2 RM · 10d ago on Sep 23, 2026· 37m 11s· 4 players
Game mode
Random Map
Map size
Medium (4 player)
Population
200
Speed
Normal
Resources
Standard
Victory
Conquest
Starting age
Dark Age
Ending age
Imperial Age
RankedLock teamsTeams togetherTeam positionsShared explorationLock speedFull tech treeHidden civsTurbo modeCheats
Victory
Defeat
🇨🇱 Franks · Chile
951
+14
🇨🇱 Inca · Chile
950
+14
🇺🇸 Franks · United States
927
-15
🇨🇦 Hindustanis · Canada
890
-13
Scotticus6181
10:40 Feudal Age
16:47 Castle Age
25:07 Forging
24:51 Man-at-Arms
28:32 Wheelbarrow
29:06 Gold Mining
29:35 Hand Cart
32:36 Imperial Age
32:18 Iron Casting
31:50 Scale Barding Armor
31:52 Double-Bit Axe
32:25 Husbandry
31:53 Pikeman
33:20 Gold Shaft Mining
33:56 Conscription
34:32 Cavalier
35:46 Bow Saw
35:11 Ordonnance Companies
stephane9343
11:18 Feudal Age
17:56 Castle Age
16:06 Horse Collar
16:28 Double-Bit Axe
18:03 Stone Mining
29:20 Heavy Plow
32:30 Imperial Age
Tomate
10:20 Feudal Age
11:54 Loom
14:48 Castle Age
12:35 Double-Bit Axe
13:02 Horse Collar
16:18 Bow Saw
17:00 Wheelbarrow
17:05 Heavy Plow
17:44 Stone Mining
21:12 Gold Mining
22:31 Hand Cart
22:03 Town Watch
23:01 Gold Shaft Mining
27:25 Imperial Age
26:20 Stone Shaft Mining
27:34 Forging
27:24 Scale Mail Armor
28:46 Fabric Shields
29:13 Squires
30:12 Caravan
30:33 Arson
31:00 Treadmill Crane
32:01 Elite Kamayuk
34:11 Conscription
34:37 Thumb Ring
33:52 Crossbowman
35:23 Iron Casting
35:03 Chain Mail Armor
37:22 Blast Furnace
36:13 Fletching
36:28 Padded Archer Armor
nnickk0
5:11 Loom
10:34 Feudal Age
16:31 Castle Age
14:32 Double-Bit Axe
18:07 Bow Saw
19:26 Man-at-Arms
20:38 Squires
21:24 Wheelbarrow
22:09 Gold Mining
21:54 Long Swordsman
24:14 Gambesons
26:59 Pikeman
28:21 Hand Cart
29:02 Gold Shaft Mining
32:30 Imperial Age
31:46 Arson
32:42 Stone Mining
32:41 Capped Ram
33:02 Two-Handed Swordsman
35:40 Husbandry
36:36 Forging
36:27 Scale Mail Armor
36:24 Cavalier
Connection lost

Rejoining the realm…

Still unreachable

The connection could not be restored.

Session expired

The server has moved on; the page needs a fresh start.